Map: Base du roi Sejong EC

Players

LeMarquis - Winner!

  • Race: Terran Terran
  • League: Gold
  • Spawn Location: 11:00

zidar

  • Race: Zerg Zerg
  • League: Gold
  • Spawn Location: 5:00

VOD

Have the link to the VOD?

Description

Time

  • Played on: July 3, 2016, 7:45 a.m.
  • Length: 7:38
Show
View Real Time Build Order
Export as new Build Order

LeMarquis Terran - Winner!

Build Orders:  

Get SALT Encoding   

  12  0:02  SCV  
  13  0:14  SCV  
  14  0:22  Supply Depot  
  14  0:26  SCV  
  15  0:43  SCV  
  16  0:52  Barracks, Refinery  
  16  0:55  SCV  
  17  1:07  SCV  
  18  1:20  SCV  
  19  1:32  SCV  
  20  1:41  Marine  
  21  1:47  Command Center  
  21  1:59  Marine  
  22  2:01  Orbital Command  
  22  2:10  Bunker  
  22  2:13  Factory  
  22  2:24  Barracks Reactor  
  22  2:38  SCV  
  23  2:44  Supply Depot  
  23  2:59  SCV  
  24  3:09  Barracks Tech Lab, Starport  
  24  3:11  Hellion x2  
  28  3:14  Orbital Command  
  28  3:31  Marine  
  28  3:32  Hellion  
  28  3:33  Hellion  
  33  3:38  Refinery  
  33  3:42  Supply Depot  
  33  3:48  Viking  
  35  3:49  Marauder  
  37  3:57  Hellion  
  37  4:00  SCV, Supply Depot  
  40  4:03  SCV  
  41  4:10  Armory  
  41  4:19  Marauder  
  41  4:21  Hellion  
  45  4:29  Supply Depot  
  45  4:51  Marauder  
  47  4:54  Supply Depot  
  47  4:55  Hellion x2  
  47  4:58  SCV x2  
  53  5:10  SCV  
  53  5:12  Marauder  
  56  5:16  Hellion  
  56  5:17  Hellion  
  56  5:20  Supply Depot  
  60  5:22  SCV x2  
  60  5:28  Engineering Bay  
  62  5:33  Marauder  
  62  5:34  SCV  
  65  5:38  Hellion x2  
  69  5:55  Marauder  
  71  5:59  SCV x2  
  73  6:04  Refinery  
  73  6:06  Refinery  
  73  6:09  Factory  
  73  6:10  Factory  
  73  6:11  Missile Turret, SCV  
  74  6:12  Missile Turret  
  61  7:11  Marauder  
  61  7:13  Hellion x2  
Show
View Real Time Build Order
Export as new Build Order

zidar Zerg 

Build Orders: Hatch First 

Get SALT Encoding   

  12  0:01  Drone  
  13  0:12  Overlord  
  13  0:17  Drone  
  14  0:30  Drone x2  
  16  0:50  Hatchery  
  16  0:53  Drone  
  16  0:56  Extractor  
  15  0:58  Drone  
  16  1:14  Spawning Pool  
  15  1:21  Drone  
  15  1:22  Drone  
  17  1:26  Drone  
  18  1:35  Overlord  
  18  1:42  Drone  
  19  2:03  Queen x2  
  19  2:05  Zergling x2  
  19  2:07  Zergling x2  
  25  2:12  Zergling x2  
  26  2:17  Metabolic Boost  
  26  2:21  Drone  
  27  2:27  Drone  
  28  2:36  Baneling Nest  
  27  2:38  Drone  
  28  2:51  Drone x4  
  28  2:52  Drone  
  28  2:57  Pneumatized Carapace  
  33  3:02  Drone  
  34  3:08  Overlord  
  34  3:11  Drone  
  35  3:15  Extractor  
  37  3:34  Drone x3  
  37  3:39  Hatchery  
  36  3:41  Lair  
  36  3:48  Drone x2  
  36  3:50  Drone  
  36  3:55  Drone x2  
  41  3:59  Overlord  
  41  4:10  Baneling  
  41  4:11  Baneling x2  
  41  4:20  Queen  
  43  4:34  Zergling x18  
  43  4:37  Overlord x2  
  52  4:47  Spire  
  52  4:51  Extractor  
  50  4:54  Extractor  
  50  4:59  Drone x7  
  56  5:07  Overseer  
  56  5:18  Drone x3  
  56  5:19  Drone x2  
  56  5:20  Drone  
  62  5:38  Evolution Chamber  
  62  5:40  Evolution Chamber  
  62  5:41  Queen  
  62  5:43  Hatchery  
  61  5:55  Drone x2  
  63  6:02  Drone x3  
  63  6:03  Overlord  
  63  6:04  Overlord x4  
  66  6:24  Drone x3  
  69  6:28  Drone  
  69  6:31  Zergling x12  
  76  6:34  Baneling x2  
  76  6:35  Baneling x2  
  76  6:36  Baneling x2  
  76  6:37  Baneling  
  76  6:38  Baneling  
  76  6:39  Baneling  
  71  6:46  Baneling x6  
  38  7:09  Zergling x2  
  38  7:10  Zergling x18  
  40  7:33  Roach Warren  
Tags
 
Add a new tag
Caveats
  • Supply blocks, unpowered buildings, or Contaminate may cause inaccurate times.
  • Supply counts are checked every 10 seconds.